 Dungeon Crawl Stone Soup version 0.29-a0-11-ga75d3d97ab (webtiles) character file.

Game seed: 15930507823100302164

2118 bande the Chopper (level 9, 0/54 HPs)
             Began as a Gargoyle Fighter on Jan 29, 2022.
             Was a Believer of Okawaru.
             Killed by divine providence
             ... invoked by an orc priest
              (12 damage)
             ... on level 8 of the Dungeon.
             The game lasted 00:13:00 (9761 turns).

bande the Chopper (Gargoyle Fighter)                Turns: 9761, Time: 00:13:01

Health: 0/54       AC: 24    Str: 20    XL:     9   Next: 29%
Magic:  12/12      EV:  7    Int:  9    God:    Okawaru [**....]
Gold:   1257       SH:  5    Dex: 13    Spells: 8/8 levels left

rFire   . . .      SeeInvis .   a - +0 war axe (flame)
rCold   . . .      Faith    .   c - +0 buckler
rNeg    + . .      Spirit   .   h - +1 chain mail {Will+}
rPois   ∞          Reflect  .   C - +0 helmet
rElec   +          Harm     .   D - +0 cloak
rCorr   .          Rampage  .   (no gloves)
Will    +....                   (no boots)
Stlth   ..........              (no amulet)
HPRegen 0.18/turn               i - +4 ring of protection
MPRegen 0.13/turn               (no ring)

@: no status effects
A: sickness immunity, AC +6, negative energy resistance 1, electricity
resistance, torment resistance 1, petrification resistance
a: Renounce Religion, Heroism


You were on level 8 of the Dungeon.
You worshipped Okawaru.
Okawaru was pleased with you.
You visited 1 branch of the dungeon, and saw 8 of its levels.
You also visited: Ossuary.

You collected 1257 gold pieces.

Inventory:

Hand Weapons
 a - a +0 war axe of flaming (weapon)
 w - a +0 war axe
Armour
 c - a +0 buckler (worn)
 h - a +1 chain mail of willpower (worn)
 C - a +0 helmet (worn)
 D - a +0 cloak (worn)
Jewellery
 e - an amulet of the acrobat
 i - a +4 ring of protection (left hand)
 j - a ring of wizardry
 t - a +6 ring of intelligence
 u - an amulet of magic regeneration
Wands
 g - a wand of flame (25)
 v - a wand of acid (8)
 y - a wand of polymorph (12)
Scrolls
 k - a scroll of brand weapon
 o - a scroll of fear
 q - 3 scrolls of teleportation
 s - 2 scrolls of magic mapping
Potions
 b - 2 potions of cancellation
 d - a potion of might
 f - 6 potions of mutation
 l - 2 potions of flight
 m - 2 potions of brilliance
 n - a potion of invisibility
 p - 5 potions of curing
 r - a potion of attraction {unknown}
 x - 3 potions of magic {unknown}
 z - a potion of berserk rage {unknown}
 A - a potion of heal wounds {unknown}


   Skills:
 + Level 5.3 Fighting
 + Level 7.3 Axes
 + Level 6.3 Armour
 + Level 4.5 Shields
 * Level 4.0 Invocations
 * Level 3.8 Evocations


You had 8 spell levels left.
You didn't know any spells.
Your spell library contained the following spells:

 Spells                   Type           Power      Damage    Failure   Level
 Beastly Appendage        Tmut           0%         N/A       99%         1
 Slow                     Hex            0%         N/A       99%         1
 Sting                    Tmut/Pois      0%         1d3       99%         1
 Ensorcelled Hibernation  Hex/Ice        0%         N/A       100%        2
 Passwall                 Tmut/Erth      0%         N/A       100%        2
 Poisonous Vapours        Pois/Air       0%         N/A       100%        2
 Static Discharge         Conj/Air       0%         N/A       100%        2
 Wereblood                Tmut           0%         N/A       100%        2
 Confusing Touch          Hex            0%         N/A       100%        3
 Gell's Gravitas          Tloc           0%         N/A       100%        3
 Lesser Beckoning         Tloc           0%         N/A       100%        3
 Spider Form              Tmut/Pois      0%         N/A       100%        3
 Swiftness                Air            0%         N/A       100%        3
 Teleport Other           Tloc           0%         N/A       100%        3
 Vampiric Draining        Necr           0%         2d6       100%        3
 Cause Fear               Hex            0%         N/A       100%        4
 Dispel Undead            Necr           0%         3d6       100%        4
 Olgreb's Toxic Radiance  Pois           0%         N/A       100%        4
 Sticky Flame             Conj/Fire      0%         2d3       100%        4
 Dragon Form              Tmut           0%         N/A       100%        7
 Summon Ice Beast         Ice/Summ       Unusable   N/A       N/A         4
 Summon Mana Viper        Hex/Summ       Unusable   N/A       N/A         5
 Monstrous Menagerie      Summ           Unusable   N/A       N/A         7
 Dragon's Call            Summ           Unusable   N/A       N/A         9

Dungeon Overview and Level Annotations

Branches:
Dungeon (8/15)             Temple (0/1) D:6         Ossuary (visited)
   Lair: D:8-11

Altars:
Ashenzari
Cheibriados
Kikubaaqudgha
Okawaru
Uskayaw
Yredelemnul

Shops:
D:2 ?[


Innate Abilities, Weirdness & Mutations

You are immune to sickness and miasma.
Your stone body is resilient. (AC +6)
You are immune to poison.
You resist negative energy. (rN+)
You are resistant to electric shocks. (rElec)
You are resistant to unholy torment.
You are immune to petrification.


Message History

You block the centaur's attack. The centaur barely misses you. x2
The centaur kicks you but does no damage.
You hit the centaur. You burn the centaur.
The centaur is heavily wounded.
The centaur hits you but does no damage.
The centaur kicks you but does no damage.
The centaur hits you but does no damage.
The centaur kicks you but does no damage.
You barely miss the centaur.
The centaur is heavily wounded.
The centaur hits you but does no damage.
The centaur kicks you. You block the centaur's attack.
The centaur kicks you but does no damage.
You slash the centaur! You burn the centaur.
You kill the centaur!
Okawaru accepts your kill.
Your Invocations skill increases to level 4!
No target in view!
No target in view!
Things that are here:
a +0 shortbow; 21 arrows An orc comes into view.
It is wielding a +0 short sword.
The orc shouts!
You hear a shout!
An orc priest comes into view. It is wielding a +0 short sword.
The orc priest shouts!
An orc comes into view. It is wielding a +0 hand axe.
An orc wizard comes into view. It is wielding a +0 dagger.
Found 7 gold pieces.
You see here 13 gold pieces.
You now have 1257 gold pieces (gained 13).
An orc comes into view. It is wielding a +0 hand axe.
The orc priest invokes the aid of Beogh against you.
Beogh smites you!
The orc shouts!
You hear a howl!
The orc priest invokes the aid of Beogh against you.
Beogh smites you!
* * * LOW HITPOINT WARNING * * *
The orc priest invokes the aid of Beogh against you.
Beogh smites you!
You die...

#.............#
#.......o.....#
#..).....o....#
##......o## #
#.......# .
#....o..# #.
#..o....#
#.####......>#
#.......@....##
#.............+
#.......##+####
#.......#
#.......#
#.......#
#.......#
#......<#
#<#######


You could see an orc priest, an orc wizard and 3 orcs.

Vanquished Creatures
  A shadow (D:7)
  An ice beast (D:7)
  A necrophage (D:6)
  2 ogres
  2 centaurs
  A kobold brigand (D:7)
  2 bullfrogs
  A gnoll sergeant (D:5)
  A wyvern zombie (D:8)
  2 water moccasin skeletons (D:5)
  An electric eel (D:6)
  A howler monkey (D:7)
  A centaur zombie (Ossuary)
  Crazy Yiuf (D:7)
  2 gnoll shamans (D:4)
  2 iguanas
  An orc priest (D:5)
  4 hounds
  2 jellies
  Terence (D:3)
  3 orc wizards
  Ijyb (D:3)
  2 hound skeletons
  5 mummies (Ossuary)
  A howler monkey skeleton (D:5)
  17 gnolls
  4 adders
  A white imp (D:6)
  2 ufetubi
  An adder skeleton (D:4)
  A worm (D:4)
  3 dart slugs
  19 orcs
  10 endoplasms
  4 giant cockroaches
  A gnoll zombie (Ossuary)
  11 hobgoblins
  8 jackals
  2 quokkas
  9 ball pythons
  7 bats
  5 frilled lizards
  7 goblins
  16 kobolds
  4 kobold zombies (Ossuary)
  2 orc zombies (Ossuary)
  A rat (D:3)
177 creatures vanquished.

Vanquished Creatures (others)
  3 plants (D:6)
3 creatures vanquished.

Grand Total: 180 creatures vanquished

Notes
Turn   | Place    | Note
-------+----------+-------------------------------------------
     0 | D:1      | bande the Gargoyle Fighter began the quest for the Orb.
     0 | D:1      | Reached XP level 1. HP: 14/14 MP: 1/1
   216 | D:1      | Reached XP level 2. HP: 14/19 MP: 2/2
   578 | D:1      | Found a faded altar of an unknown god.
   592 | D:1      | Reached skill level 2 in Axes
  1038 | D:1      | Reached XP level 3. HP: 18/24 MP: 3/3
  1539 | D:2      | Found Xol Ypt's Magic Scroll Boutique.
  1773 | D:2      | Found a hide-covered altar of Uskayaw.
  1876 | D:2      | Found Voitiemu's Armour Boutique.
  2123 | D:3      | Reached XP level 4. HP: 24/29 MP: 4/4
  2231 | D:3      | Identified a scroll of acquirement
  2231 | D:3      | Acquired 992 gold pieces
  2366 | D:3      | Noticed Ijyb
  2376 | D:3      | Killed Ijyb
  2377 | D:3      | Reached skill level 3 in Axes
  2579 | D:3      | Noticed Terence
  2587 | D:3      | Killed Terence
  2588 | D:3      | Reached XP level 5. HP: 33/33 MP: 5/5
  2727 | D:3      | Noticed an ogre
  2732 | D:3      | Killed an ogre
  2733 | D:3      | Reached skill level 4 in Axes
  2733 | D:3      | Reached skill level 1 in Evocations
  2733 | D:3      | Reached XP level 6. HP: 12/38 MP: 6/6
  3315 | D:4      | Found a basalt altar of Yredelemnul.
  3315 | D:4      | Found an ancient bone altar of Kikubaaqudgha.
  3316 | D:4      | Found a snail-covered altar of Cheibriados.
  3316 | D:4      | Found a hide-covered altar of Uskayaw.
  3435 | D:4      | Found a sand-covered staircase.
  3482 | Ossuary  | Entered an ossuary
  4047 | D:4      | Found an iron altar of Okawaru.
  4056 | D:4      | Became a worshipper of Warmaster Okawaru
  4439 | D:4      | Reached XP level 7. HP: 43/43 MP: 7/7
  4513 | D:4      | Reached skill level 1 in Invocations
  4579 | D:4      | Found a broken altar of Ashenzari.
  4621 | D:4      | Reached skill level 5 in Axes
  4640 | D:4      | HP: 1/43 [gnoll (3)]
  5503 | D:5      | Entered Level 5 of the Dungeon
  5618 | D:5      | Reached skill level 5 in Armour
  5871 | D:5      | Reached * piety under Okawaru
  6156 | D:5      | Reached XP level 8. HP: 36/48 MP: 9/9
  6958 | D:6      | Reached skill level 6 in Axes
  7484 | D:6      | Reached skill level 5 in Fighting
  8330 | D:6      | Found a staircase to the Ecumenical Temple.
  8557 | D:7      | Found the +7 Spriggan's Knife {stab, EV+4 Stlth+}
  8566 | D:7      | Noticed a shadow
  8576 | D:7      | Killed a shadow
  8834 | D:7      | Reached XP level 9. HP: 53/54 MP: 11/11
  9272 | D:7      | Reached ** piety under Okawaru
  9288 | D:7      | Reached skill level 7 in Axes
  9483 | D:7      | Found a runed translucent door.
  9484 | D:7      | Noticed Crazy Yiuf
  9644 | D:7      | Killed Crazy Yiuf
  9761 | D:8      | Killed from afar by an orc priest

Illustrated notes

Levels and vault maps discovered:
D:1:      dpeg_arrival_rooms_a, layout_basic, basic_ecumenical_altar
D:2:      layout_loops_ring, basic_altar, serial_shops, shop,
          nicolae_lakefront_shop
D:3:      layout_loops_cross, uniq_ijyb, uniq_terence
D:4:      layout_loops_corners, grunt_temple_overflow_open,
          evilmike_ruin_ashenzari, okawaru_ov_weapons_minmay,
          nicolae_ossuary_entry_false_entrances
D:5:      layout_basic
D:6:      layout_loops_cross, lemuel_temple_firewalk_b, chequers_big_river,
          minmay_misc_feat_roman, kennysheep_cluttered_room
D:7:      layout_cave_pods, uniq_crazy_yiuf_cottage
D:8:      layout_basic, vehumet_altar_wand_db, erik_lair_orcish_takeover

Skill      XL: |  1  2  3  4  5  6  7  8  9 |
---------------+----------------------------+-----
Axes           | 2 3 4 5 6 7 |  7.3
Armour         | 4 5 6 |  6.3
Fighting       | 4 5 |  5.3
Evocations     | 1 2 3 |  3.8
Shields        | 4 |  4.5
Invocations    | 2 3 4 |  4.0

Action                   |  1- 3 |  4- 6 |  7- 9 || total
-------------------------+-------+-------+-------++-------
Melee: War axe           |   125 |   158 |   260 ||   543
  Use: Scroll            |       |     5 |     9 ||    14
Armor: Scale mail        |    71 |    24 |       ||    95
       Chain mail        |       |    94 |   213 ||   307
Dodge: Dodged            |    70 |    62 |   102 ||   234
Block: Buckler           |    25 |    33 |    52 ||   110

Table legend: (Time is in decaauts)
 A = Elapsed time spent in this place.
 B = Non-inter-level travel time spent in this place.
 C = Inter-level travel time spent in this place.
 D = Time resting spent in this place.
 E = Time spent auto-exploring this place.
 F = Levels seen in this place.
 G = Mean time per level.
                   A        B        C        D        E       F      G
               +--------+--------+--------+--------+--------+-----+--------+
         Total |   9952 |   9877 |     75 |   2431 |   5793 |   9 | 1105.8 |
       Dungeon |   9474 |   9399 |     75 |   2242 |   5678 |   8 | 1184.2 |
       Ossuary |    477 |    477 |      0 |    189 |    115 |   1 |  477.0 |
               +--------+--------+--------+--------+--------+-----+--------+

Top non-repeatable levels by time:
     D:4: 1636 daAuts
     D:6: 1624 daAuts
     D:5: 1475 daAuts
     D:1: 1397 daAuts
     D:3: 1354 daAuts
     D:7: 1119 daAuts
     D:2: 770 daAuts
 Ossuary: 477 daAuts
     D:8: 95 daAuts
